 Dungeon Crawl Stone Soup version 0.31.0-9-g3a7656b989 (webtiles) character file.

Game seed: 8328306724737059393

69 qw the Shooter (level 4, -3/22 HPs)
             Began as a Spriggan Hunter on Feb 2, 2024.
             Slain by a gnoll
             ... wielding a +0 spear
             ... led by a gnoll bouda
              (6 damage)
             ... on level 3 of the Dungeon.
             The game lasted 00:00:04 (1515 turns).

qw the Shooter (Spriggan Hunter)                    Turns: 1515, Time: 00:00:05

Health: -3/22      AC:  3    Str:  7    XL:     4   Next: 2%
Magic:  5/5        EV: 19    Int: 10    God:
Gold:   225        SH:  0    Dex: 20    Spells: 3/3 levels left

rFire   . . .        a - +0 shortbow
rCold   . . .        (shield currently unavailable)
rNeg    . . .        c - +0 robe
rPois   .            (helmet restricted)
rElec   .            i - +0 cloak
rCorr   .            (gloves unavailable)
SInv    +            (boots unavailable)
Will    .....        (no amulet)
Stlth   ++           (no ring)
HPRegen 0.23/turn    (no ring)
MPRegen 0.09/turn

%: no passive effects
@: very quick
A: very small, no large weapons, unfitting armour, see invisible, speed 3
a: no special abilities


You were on level 3 of the Dungeon.
You visited 1 branch of the dungeon, and saw 3 of its levels.

You collected 225 gold pieces.


Innate Abilities, Weirdness & Mutations

You are very small and have problems with some larger weapons.
You are too small for most types of armour.
You have supernaturally acute eyesight. (SInv)
You cover ground extremely quickly. (Speed+++)


   Skills:
 - Level 1.5 Fighting
 - Level 5.1 Ranged Weapons
 + Level 4.0 Dodging
 - Level 1.5 Stealth


You had 3 spell levels left.
You didn't know any spells.
Your spell library was empty.

Inventory:

Hand Weapons
 a - a +0 shortbow (weapon)
Armour
 c - a +0 robe (worn)
 i - a +0 cloak (worn)
Jewellery
 b - a ring of ice
Scrolls
 g - a scroll of identify
Potions
 d - a potion of mutation {unknown}
 e - a potion of attraction {unknown}
 f - a potion of resistance {unknown}
 h - a potion of lignification {unknown}
 j - a potion of invisibility {unknown}

Dungeon Overview and Level Annotations

Branches:
Dungeon (3/15)

Altars:
Zin

Shops:
D:1 [


Message History

There is a glowing silver altar of Zin here.
You now have 208 gold pieces (gained 8).
You now have 225 gold pieces (gained 17).
There is a glowing silver altar of Zin here.
There is an open door here.
A gnoll comes into view. It is wielding a +0 halberd.
You shoot an arrow.
The arrow hits the gnoll but does no damage.
The gnoll shouts!
You hear a shout!
A gnoll comes into view. It is wielding a +0 spear.
You shoot an arrow. The arrow completely misses the gnoll.
The gnoll shouts!
The arrow hits the gnoll.
The gnoll is lightly wounded.
You shoot an arrow. The arrow closely misses the gnoll.
The arrow barely misses the gnoll.
You shoot an arrow. The arrow hits the gnoll.
The gnoll is lightly wounded.
You shoot an arrow. The arrow hits the gnoll.
The gnoll is moderately wounded.
The gnoll hits you from afar with a +0 halberd!
You shoot an arrow.
The arrow hits the gnoll but does no damage.
The gnoll is moderately wounded.
The gnoll misses you.
The gnoll hits you from afar with a +0 spear.
You shoot an arrow. The arrow hits the gnoll.
The gnoll is heavily wounded.
The gnoll misses you.
The gnoll hits you from afar with a +0 spear.
You shoot an arrow.
The arrow hits the gnoll but does no damage.
The gnoll is heavily wounded.
The gnoll hits you from afar with a +0 halberd.
The gnoll hits you from afar with a +0 spear.
You shoot an arrow. The arrow closely misses the gnoll.
The gnoll misses you.
The gnoll hits you from afar with a +0 spear.
You die...

####
#........##.###.
###.........#
####......#..###
#####..............#
....
.##......####..# #.
####
##.........##.#...
#...........#....P
##.#.........g..#
######..#.......@.g#
.>.....##..........#
.#######...........#
.# #...........# .#
#.#........## ##
###...........# .###
#.............#
...###.#...........#
##.......#######..(#


You could see 2 gnolls.

Vanquished Creatures
  2 adders (D:3)
  2 dart slugs
  10 ball pythons
  4 endoplasms
  A giant cockroach (D:2)
  3 goblins
  3 hobgoblins
  3 jackals (D:1)
  6 quokkas
  3 bats
  A frilled lizard (D:1)
  2 kobolds
  2 rats
42 creatures vanquished.

Notes
Turn   | Place    | Note
-------+----------+-------------------------------------------
     0 | D:1      | qw the Spriggan Hunter began the quest for the Orb.
     0 | D:1      | Reached XP level 1. HP: 10/10 MP: 2/2
     0 | D:1      | 0 ||| qw: Version: 0.3-a-155-g5e7d8dd
     0 | D:1      | 0 ||| qw: Game counter: 838
     0 | D:1      | 0 ||| qw: Melee chars always use a shield: true
     0 | D:1      | 0 ||| qw: God list: Okawaru
     0 | D:1      | 0 ||| qw: Allow faded altars: false
     0 | D:1      | 0 ||| qw: Do Orc after clearing Dungeon:15 true
     0 | D:1      | 0 ||| qw: Do second Lair branch before Depths: true
     0 | D:1      | 0 ||| qw: Lair rune preference: random
     0 | D:1      | 0 ||| qw: Goals: Normal
     0 | D:1      | 0 ||| PLANNING D:1-11
    28 | D:1      | Reached skill level 3 in Dodging
    79 | D:1      | Reached XP level 2. HP: 14/14 MP: 3/3
   224 | D:1      | Found Xydgh's Armour Boutique.
   231 | D:1      | 231 ||| SHOPLISTING +1 hat (143 gold, have 32).
   543 | D:1      | 543 ||| READING scroll labelled MOATI AZYNA.
   544 | D:1      | 544 ||| DROPPING scroll of butterflies.
   589 | D:2      | Reached XP level 3. HP: 18/18 MP: 4/4
  1251 | D:2      | 1251 ||| UPGRADING to +0 cloak.
  1256 | D:2      | 1256 ||| READING scroll labelled FEJOIC VIUFO.
  1261 | D:2      | 1261 ||| READING scroll labelled NEZXERGH JOPS.
  1261 | D:2      | 1261 ||| IDENTIFYING ruby potion
  1262 | D:2      | 1262 ||| DROPPING potion of magic.
  1288 | D:3      | 1288 ||| STAIRDANCE
  1308 | D:3      | Reached skill level 5 in Ranged Weapons
  1363 | D:3      | Reached XP level 4. HP: 17/22 MP: 5/5
  1477 | D:3      | Found a glowing silver altar of Zin.
  1514 | D:3      | HP: 4/22 [gnoll/+0 halberd[a gnoll bouda] (5)]
  1515 | D:3      | Slain by a gnoll

Levels and vault maps discovered:
D:1:      heliophobic_arrival_enchanted_forest, layout_basic, serial_shops,
          nicolae_shop_rolling_square
D:2:      layout_loops_ring
D:3:      layout_rooms, amcnicky_altar_gilded, bloody_makhleb,
          mainiacjoe_overflow_small_starburst, mainiacjoe_overflow_24_doors,
          nicolae_grassy_gnolls

Skill      XL: |  1  2  3 |
---------------+----------+-----
Dodging        | 3 4 |  4.0
Ranged Weapons | 5 |  5.1
Fighting       | |  1.5
Stealth        | |  1.5

Action                     |  1- 3 |  4- 6 || total
---------------------------+-------+-------++-------
   Fire: Shortbow          |   112 |    11 ||   123
    Use: Scroll            |     3 |       ||     3
 Armour: Robe              |     5 |     6 ||    11
  Dodge: Dodged            |    29 |     4 ||    33

Table legend:
 A = Non-vault XP
 B = Vault XP
 C = Vault XP percentage of total XP
 D = Non-vault monster count
 E = Vault monster count
 F = Vault count percentage of total count
                 A         B        C        D         E       F
            +---------+---------+-------+---------+---------+-------
      Total |      99 |       0 |   0.0 |      42 |       0 |   0.0
            +---------+---------+-------+---------+---------+-------
        D:1 |      32 |       0 |   0.0 |      17 |       0 |   0.0
        D:2 |      36 |       0 |   0.0 |      20 |       0 |   0.0
        D:3 |      31 |       0 |   0.0 |       5 |       0 |   0.0
            +---------+---------+-------+---------+---------+-------
